 Dungeon Crawl Stone Soup version 0.29.0-4-gdea44cf6ec (webtiles) character file.

Game seed: 4931212619924906536

2 qw the Sneak (level 1, -1/14 HPs)
             Began as a Gargoyle Delver on Sept 10, 2022.
             Slain by a gnoll
             ... wielding a +0 flail
              (7 damage)
             ... on level 3 of the Dungeon.
             The game lasted 00:00:06 (246 turns).

qw the Sneak (Gargoyle Delver)                       Turns: 246, Time: 00:00:06

Health: -1/14      AC:  5    Str: 15    XL:     1   Next: 30%
Magic:  1/1        EV: 11    Int: 10    God:
Gold:   0          SH:  0    Dex: 11    Spells: 0/0 levels left

rFire   . . .      SeeInvis .   a - +0 hand axe
rCold   . . .      Faith    .   (no shield)
rNeg    + . .      Spirit   .   b - +0 leather armour
rPois   inf        Reflect  .   (no helmet)
rElec   +          Harm     .   (no cloak)
rCorr   .          Rampage  .   (no gloves)
Will    .....                   (no boots)
Stlth   +++.......              (no amulet)
HPRegen 0.04/turn               (no ring)
MPRegen 0.07/turn               (no ring)

@: no status effects
A: sickness immunity, AC +2, negative energy resistance 1, electricity
resistance, torment resistance 1, petrification resistance
a: no special abilities


You were on level 3 of the Dungeon.
You visited 1 branch of the dungeon, and saw 3 of its levels.


Innate Abilities, Weirdness & Mutations

You are immune to sickness and miasma.
Your stone body is resilient. (AC +2)
You are immune to poison.
You resist negative energy. (rN+)
You are resistant to electric shocks. (rElec)
You are resistant to unholy torment.
You are immune to petrification.


   Skills:
 - Level 3.2 Fighting
 + Level 2.0 Axes
 - Level 1.5 Dodging
 - Level 5.4 Stealth


You couldn't memorise any spells.
You didn't know any spells.
Your spell library was empty.

Inventory:

Hand Weapons
 a - a +0 hand axe (weapon)
Armour
 b - a +0 leather armour (worn)
Wands
 g - a wand of digging (3)
Scrolls
 c - a scroll of identify {unknown}
Potions
 d - a potion of lignification {unknown}
 f - a potion of haste

Dungeon Overview and Level Annotations

Branches:
Dungeon (5/15)
 Temple: D:4-7

Altars:


Message History

HP restored.
A frilled lizard comes into view.
Found an encrusted cabochon ring.
The frilled lizard hisses angrily.
The frilled lizard hisses.
You hit the frilled lizard.
You kill the frilled lizard!
Your Axes skill increases to level 2!
A gnoll comes into view. It is wielding a +0 club.
You hear the slow rusting of a very distant drain.
The gnoll shouts!
You hear a shout! x2
A gnoll comes into view. It is wielding a +0 whip.
A gnoll comes into view. It is wielding a +0 flail.
240 ||| Stepping ~*~*~tactically~*~*~ (stealth).
The gnoll attacks as you move away! The gnoll closely misses you.
You hit the gnoll.
The gnoll is moderately wounded.
The gnoll hits you but does no damage.
You hit the gnoll but do no damage.
The gnoll is moderately wounded.
The gnoll misses you.
You hit the gnoll.
The gnoll is severely wounded.
You hit the gnoll. The gnoll barely misses you. The gnoll closely misses you.
The gnoll barely misses you. The gnoll hits you but does no damage.
You barely miss the gnoll.
The gnoll is severely wounded.
You hit the gnoll but do no damage. The gnoll hits you with a +0 club.
You hit the gnoll.
The gnoll is almost dead.
You hit the gnoll. The gnoll closely misses you.
The gnoll hits you with a +0 whip.
You hit the gnoll.
You kill the gnoll!
You hit the gnoll. You hit the gnoll but do no damage.
The gnoll hits you with a +0 flail!
Ouch! That really hurt!
You die...

## ## g# #.
##.###.# #.#[#.. ##
. #.#..##.#.# ##
#......=### .##
##)g.......
##.###.@g.######
...#..%.......
#.#.#.#..#####
#.#.#.#.....
#.#####........####
#........#####.#
#..#####.# .#
#.....# .# #.###.#
#


You could see 2 gnolls.

Vanquished Creatures
  A gnoll (D:3)
  2 ball pythons
  A frilled lizard (D:3)
4 creatures vanquished.

Notes
Turn   | Place    | Note
-------+----------+-------------------------------------------
     0 | D:5      | qw the Gargoyle Delver began the quest for the Orb.
     0 | D:5      | Reached XP level 1. HP: 14/14 MP: 1/1
     0 | D:5      | 0 ||| qw: Version: 0.1-a-116-g5d60599
     0 | D:5      | 0 ||| qw: Game counter: 9176
     0 | D:5      | 0 ||| qw: Always use a shield: true
     0 | D:5      | 0 ||| qw: God list: Okawaru
     0 | D:5      | 0 ||| qw: Allow faded altars: false
     0 | D:5      | 0 ||| qw: Do Orc after D:15 true
     0 | D:5      | 0 ||| qw: Do second Lair branch before Depths: true
     0 | D:5      | 0 ||| qw: Lair rune preference: random
     0 | D:5      | 0 ||| qw: Plans: Normal
     0 | D:5      | 0 ||| PLANNING D:1-11
     5 | D:5      | 5 ||| DROPPING scroll of fog.
     6 | D:5      | 6 ||| DROPPING scroll of magic mapping.
     7 | D:5      | 7 ||| DROPPING scroll of fear.
    37 | D:3      | 37 ||| PLANNING SEWER
   240 | D:3      | 240 ||| Stepping ~*~*~tactically~*~*~ (stealth).
   246 | D:3      | Slain by a gnoll

Levels and vault maps discovered:
D:3:      layout_loops_ring, gup_sewer_entry_bubbles
D:4:      cheibrodos_helix_gallery, layout_basic, minmay_misc_feat_five,
          kennysheep_generic_room_3
D:5:      layout_layer_cave, mainiacjoe_overflow_catwalk, ebering_ghost_sewer_d,
          minmay_ruined_shrine, uniq_menkaure, uniq_duvessa

Skill      XL: |  1 |
---------------+----+-----
Axes           | 2 |  2.0
Fighting       | |  3.2
Dodging        | |  1.5
Stealth        | |  5.4

Action                   || total
-------------------------++-------
Melee: Hand axe          ||    16
Armor: Leather armour    ||     5
Dodge: Dodged            ||    14

Table legend:
 A = Non-vault XP
 B = Vault XP
 C = Vault XP percentage of total XP
 D = Non-vault monster count
 E = Vault monster count
 F = Vault count percentage of total count
                 A         B        C        D         E       F
            +---------+---------+-------+---------+---------+-------
      Total |      17 |       0 |   0.0 |       4 |       0 |   0.0
            +---------+---------+-------+---------+---------+-------
        D:3 |      16 |       0 |   0.0 |       3 |       0 |   0.0
        D:4 |       1 |       0 |   0.0 |       1 |       0 |   0.0
            +---------+---------+-------+---------+---------+-------
